 Dungeon Crawl Stone Soup version 0.29-a0-233-g1125b37a9b (webtiles) character file.

Game seed: 2306715187057311176

105536 Wyvernaa the Basher (level 15, 0/204 HPs)
             Began as a Pale Draconian Fighter on Feb 1, 2022.
             Was a Follower of Uskayaw.
             Slain by a swamp worm (7 damage)
             ... called by a spriggan druid
             ... on level 1 of the Swamp on Mar 1, 2022.
             The game lasted 02:57:47 (52285 turns).

Wyvernaa the Basher (Pale Draconian Fighter)       Turns: 52285, Time: 02:57:48

Health: 0/204      AC: 14    Str: 22    XL:     15   Next: 95%
Magic:  24/24      EV: 16    Int:  9    God:    Uskayaw [*.....]
Gold:   249        SH: 14    Dex: 14    Spells: 14/14 levels left

rFire   . . .      SeeInvis .   h - +5 flail (freeze)
rCold   + . .      Faith    .   c - +3 kite shield
rNeg    . . .      Spirit   .   (body armour unavailable)
rPois   .          Reflect  .   b - +2 hood of the Assassin {Detection Stab+ Stlth++}
rElec   .          Harm     .   L - +0 cloak
rCorr   .          Rampage  .   t - +1 pair of gloves
Will    +....                   (no boots)
Stlth   ..........              C - amulet of regeneration
HPRegen 1.24/turn               k - +4 ring of protection
MPRegen 0.19/turn               g - ring of protection from cold

@: berserking (expiring), corroded, slow
A: breathe steam, AC +9, unfitting armour, cold-blooded, steam resistance
a: Breathe Steam, Renounce Religion, Stomp


You were on level 1 of the Swamp.
You worshipped Uskayaw.
Uskayaw was pleased with you.
You visited 5 branches of the dungeon, and saw 25 of its levels.
You visited the Abyss 1 time.
You also visited: Volcano.

You collected 2409 gold pieces.
You spent 2160 gold pieces at shops.

Inventory:

Hand Weapons
 h - a +5 flail of freezing (weapon)
 A - the +2 spear of Desertification {flame, *Corrode Fly Will+ Str+3}
   (You found it on level 3 of the Lair of Beasts)

   It burns those it strikes, dealing additional fire damage.
   Str:       It affects your strength (+3).
   Fly:       It grants you flight.
   *Corrode:  It may corrode you when you take damage.
   Will:      It increases your willpower.
 D - a +1 flail of protection
Missiles
 N - a throwing net (quivered)
Armour
 b - the +2 hood of the Assassin (worn) {Detection Stab+ Stlth++}
   (You bought it in a shop on level 2 of the Orcish Mines)

   It allows the wearer to sense nearby creatures.
   It allows the wearer to make particularly effective stabbing attacks against
   helpless or unaware enemies with any weapon.
   Stlth:     It makes you much more stealthy.
 c - a +3 kite shield (worn)
 t - a +1 pair of gloves (worn)
 L - a +0 cloak (worn)
Jewellery
 e - a ring of wizardry
 f - a +4 ring of protection
 g - a ring of protection from cold (right hand)
 j - a +4 ring of evasion
 k - a +4 ring of protection (left hand)
 r - a ring of protection from cold
 C - an amulet of regeneration (around neck)
 E - a ring of positive energy
 F - a +6 ring of dexterity
 G - a +4 ring of protection
Wands
 m - a wand of paralysis (8)
 o - a wand of iceblast (5)
 p - a wand of mindburst (4)
 q - a wand of acid (8)
 z - a wand of polymorph (6)
 H - a wand of flame (20)
Scrolls
 d - 2 scrolls of fog
 i - 2 scrolls of fear
 l - 5 scrolls of amnesia
 n - a scroll of enchant weapon
 s - 2 scrolls of identify
 u - 2 scrolls of magic mapping
 x - 3 scrolls of brand weapon
 O - a scroll of silence
Potions
 a - 3 potions of curing
 v - a potion of attraction
 w - 3 potions of brilliance
 B - a potion of cancellation
 M - a potion of resistance


   Skills:
 * Level 13.5 Fighting
 - Level 14.0 Maces & Flails
 + Level 12.1 Dodging
 * Level 11.5 Stealth
 + Level 10.5 Shields
 * Level 13.0 Invocations
 + Level 1.0 Evocations


You had 14 spell levels left.
You didn't know any spells.
Your spell library contained the following spells:

 Spells                   Type           Power      Damage    Failure   Level
 Apportation              Tloc           0%         N/A       65%         1
 Foxfire                  Conj/Fire      0%         2x1d4     65%         1
 Sandblast                Erth           0%         2d4       65%         1
 Shock                    Conj/Air       0%         1d3       65%         1
 Blink                    Tloc           0%         N/A       80%         2
 Passwall                 Tmut/Erth      0%         N/A       80%         2
 Static Discharge         Conj/Air       0%         N/A       80%         2
 Conjure Flame            Conj/Fire      0%         6-21      95%         3
 Gell's Gravitas          Tloc           0%         N/A       95%         3
 Inner Flame              Hex/Fire       0%         N/A       95%         3
 Lesser Beckoning         Tloc           0%         N/A       95%         3
 Portal Projectile        Hex/Tloc       0%         N/A       95%         3
 Stone Arrow              Conj/Erth      0%         3d7       95%         3
 Swiftness                Air            0%         N/A       95%         3
 Teleport Other           Tloc           0%         N/A       95%         3
 Airstrike                Air            0%         N/A       100%        4
 Dispel Undead            Necr           0%         3d6       100%        4
 Flame Wave               Conj/Fire      0%         2d4       100%        4
 Olgreb's Toxic Radiance  Pois           0%         N/A       100%        4
 Passage of Golubria      Tloc           0%         N/A       100%        4
 Sticky Flame             Conj/Fire      0%         2d3       100%        4
 Summon Lightning Spire   Summ/Air       0%         N/A       100%        4
 Alistair's Intoxication  Tmut/Pois      0%         N/A       100%        5
 Blade Hands              Tmut           0%         N/A       100%        5
 Borgnjor's Vile Clutch   Necr/Erth      0%         N/A       100%        5
 Excruciating Wounds      Necr           0%         N/A       100%        5
 Fireball                 Conj/Fire      0%         3d3       100%        5
 Iskenderun's Battlesphe  Conj           0%         2d6       100%        5
 Manifold Assault         Tloc           0%         N/A       100%        5
 Silence                  Hex/Air        0%         N/A       100%        5
 Dispersal                Tloc           0%         N/A       100%        6
 Eringya's Noxious Bog    Tmut/Pois      0%         N/A       100%        6
 Iron Shot                Conj/Erth      0%         9d1       100%        6
 Starburst                Conj/Fire      0%         6d3       100%        6
 Ozocubu's Refrigeration  Ice            0%         4d5       100%        7
 Spellforged Servitor     Conj/Summ      0%         N/A       100%        7
 Storm Form               Tmut/Air       0%         N/A       100%        7
 Ignition                 Fire           0%         3d3       100%        8
 Lehudib's Crystal Spear  Conj/Erth      0%         10d2      100%        8
 Maxwell's Capacitive Co  Air            0%         ∞         100%        8
 Chain Lightning          Conj/Air       0%         N/A       100%        9
 Fire Storm               Conj/Fire      0%         5d1       100%        9
 Shatter                  Erth           0%         3d5*      100%        9


Dungeon Overview and Level Annotations

Branches:
Dungeon (15/15)            Temple (1/1) D:5            Lair (6/6) D:9
  Swamp (1/4) Lair:3       Spider (0/4) Lair:4        Slime (0/5) Lair:6
    Orc (2/2) D:10            Elf (0/3) Orc:2        Vaults (0/5) D:14
 Depths (0/4) D:15        Volcano (visited)

Altars:
Ashenzari
Cheibriados
Dithmenos
Elyvilon
Fedhas
Gozag
Hepliaklqana
Kikubaaqudgha
Makhleb
Nemelex Xobeh
Okawaru
Qazlal
Ru
Sif Muna
Trog
Uskayaw
Vehumet
Wu Jian
Xom
Yredelemnul
Zin
The Shining One
Beogh
Jiyva

Shops:
D:2 *   Orc:2 (:*[

Portals:
Hell: Lair:6

Annotations:
D:7 Maurice
D:13 Azrael
Lair:1 3 runed translucent doors, Gainor's ghost, novice HuMo
Lair:6 1 runed translucent door, fragbeetle's ghost, journeyman TrBe


Innate Abilities, Weirdness & Mutations

You can breathe blasts of scalding, opaque steam.
Your pale cyan-grey scales are hard. (AC +9)
You cannot fit into any form of body armour.
You are cold-blooded and may be slowed by cold attacks.
You are immune to the effects of steam.


Message History

You completely miss the bunyip.
Your attack snaps the bunyip out of its fear.
You tail-slap the bunyip.
The bunyip is lightly wounded.
You have got your breath back.
You miss the spriggan druid.
Your tail-slap misses the spriggan druid.
The spriggan druid splashes around in the water.
The bunyip misses you.
The bunyip claws you but does no damage.
You block the bunyip's attack.
The spriggan rider hits you but does no damage.
Your unstable footing causes you to fumble your attack.
The swamp worm fires a harpoon shot at you.
The harpoon shot misses you.
The harpoon shot hits the bunyip.
Your unstable footing causes you to fumble your attack.
The spriggan druid splashes around in the water.
You block the spriggan rider's attack.
Your unstable footing causes you to fumble your attack.
The spriggan druid calls out to the beasts of the wild!
You block the spriggan rider's attack.
You thump the bunyip! You freeze the bunyip.
You tail-slap the bunyip, but do no damage.
The bunyip is heavily wounded.
The swamp worm bites you.
* * * LOW HITPOINT WARNING * * *
You barely miss the bunyip. You tail-slap the bunyip!
The bunyip is heavily wounded.
The goliath frog seems to regain its courage.
The spriggan druid barely misses you. The bunyip claws you!!
* * * LOW HITPOINT WARNING * * *
You block the bunyip's attack.
The bunyip claws you but does no damage.
You block the spriggan rider's attack. You block the swamp worm's attack.
The spriggan druid points at you and mumbles some strange words.
The stone arrow hits you!!
* * * LOW HITPOINT WARNING * * *
The swamp worm bites you!
You die...

♣≈.≈≈≈≈.≈≈≈≈≈≈≈≈...
♣♣..§≈≈≈≈≈≈≈§≈§§≈≈≈
♣♣.≈≈≈.≈≈≈..≈≈≈≈≈≈
♣..≈..≈....≈≈≈≈≈≈
♣♣≈.>.♣≈.....≈≈..≈
♣♣≈≈♣♣♣♣♣.≈≈.....♣♣
♣♣♣..♣♣♣♣≈...≈
♣.≈≈≈≈≈.≈..≈≈≈≈
♣.≈≈@w≈≈.≈.≈≈≈≈≈
♣♣..≈≈≈.≈≈.≈≈≈§≈..
♣♣≈ixi≈.≈.≈≈≈≈...
♣♣..≈≈≈♣..≈≈?..≈
♣≈.≈≈≈≈≈....≈♣
♣≈≈≈≈≈F≈≈..≈♣♣
♣..≈≈≈≈≈≈≈≈..♣
♣≈.≈≈≈.....≈.♣♣♣
♣♣....≈≈≈≈.....≈


You could see a bunyip, a spriggan rider, a spriggan druid, a goliath frog and a
swamp worm.

Vanquished Creatures
  Saint Roka (Orc:2)
  Rupert (Lair:5)
  An orc warlord (Orc:2)
  An ironbound preserver (D:14)
  Nessos (Orc:2)
  Josephine (D:10)
  A spriggan zombie (D:15)
  20 hydras
  5 boulder beetles
  2 catoblepae
  5 centaur warriors
  3 two-headed ogres
  An orc high priest (Orc:2)
  Sonja (D:13)
  Urug (Orc:2)
  Nergalle (Lair:3)
  A vampire mage (D:15)
  A storm dragon zombie (D:15)
  6 skeletal warriors
  A sixfirhy (Lair:6)
  A goliath frog (Swamp:1)
  A bog body (Swamp:1)
  A swamp dragon (Lair:3)
  6 orc knights
  A wizard (Lair:6)
  A sphinx zombie (D:15)
  A necromancer (D:15)
  5 deep elf pyromancers
  3 orc sorcerers
  15 ugly things
  2 manticores
  5 cyclopes
  12 elephants (Lair:6)
  A stone giant zombie (D:15)
  6 black mambas
  A smoke demon (Lair:6)
  15 cane toads
  The ghost of taxman66 the Slasher, a novice FoAK of Lugonu (D:5)
  An orange demon (Lair:6)
  An unseen horror (D:12)
  4 rime drakes
  Maggie (Lair:2)
  10 komodo dragons
  A yaktaur (D:15)
  An ice devil (Lair:6)
  12 trolls
  3 tyrant leeches (Lair:3)
  7 meliai (D:14)
  3 red devils (Lair:6)
  3 hornets
  2 polar bears
  13 dream sheep
  32 blink frogs
  A culicivora (Lair:4)
  2 shadows
  2 spriggans (Swamp:1)
  A wyvern (D:11)
  25 yaks
  5 wraiths
  4 basilisks
  4 steam dragons
  A fire bat (Lair:2)
  11 vampire mosquitoes
  A warg (Orc:2)
  4 swamp worms (Swamp:1)
  An acid dragon (D:10)
  8 hell hounds
  14 water moccasins
  3 black bears
  38 orc warriors
  11 wolves
  8 ogres
  17 centaurs
  2 phantoms
  Blork the orc (D:5)
  13 bullfrogs
  3 necrophages
  5 kobold brigands
  A gnoll sergeant (D:10)
  7 scorpions
  13 wights (D:6)
  6 killer bees (D:9)
  A howler monkey (D:6)
  2 electric eels
  3 quasits (D:5)
  A jelly (D:7)
  15 orc priests
  6 hounds
  A centaur skeleton (D:4)
  3 gnoll shamans
  6 iguanas
  34 orc wizards
  13 hell rats
  21 gnolls
  A howler monkey skeleton (D:3)
  13 adders
  A shadow imp (D:6)
  A white imp (D:6)
  2 ufetubi
  An adder skeleton (D:4)
  2 dart slugs
  67 orcs
  11 ball pythons
  5 bats
  7 endoplasms
  A giant cockroach (D:2)
  5 goblins
  7 hobgoblins
  7 jackals
  2 quokkas
  5 frilled lizards
  28 kobolds
  5 rats
  A lurking horror (Abyss:2)
717 creatures vanquished.

Vanquished Creatures (others)
  A bloated husk (Swamp:1)
  An orc wizard (D:7)
  A kobold (D:8)
  49 fungi
  123 plants
  11 withered plants (D:15)
186 creatures vanquished.

Grand Total: 903 creatures vanquished

Notes
Turn   | Place    | Note
-------+----------+-------------------------------------------
     0 | D:1      | Wyvernaa the Draconian Fighter began the quest for the Orb.
     0 | D:1      | Reached XP level 1. HP: 19/19 MP: 1/1
   309 | D:1      | Reached XP level 2. HP: 26/26 MP: 2/2
   327 | D:1      | Found a faded altar of an unknown god.
   985 | D:2      | Reached XP level 3. HP: 31/31 MP: 3/3
  1332 | D:2      | Reached skill level 3 in Maces & Flails
  1747 | D:2      | Reached XP level 4. HP: 26/40 MP: 4/4
  2165 | D:2      | Found a stormy altar of Qazlal.
  2165 | D:2      | Found Ithan's Assorted Antiques.
  3054 | D:3      | Found a sparkling altar of Nemelex Xobeh.
  3088 | D:3      | Found a basalt altar of Yredelemnul.
  3471 | D:4      | Upgraded the game from 0.29-a0-40-g8eb35efe60 to
                  | 0.29-a0-231-g945431f764
  3715 | D:4      | Reached skill level 4 in Maces & Flails
  3715 | D:4      | Reached skill level 1 in Stealth
  3715 | D:4      | Reached XP level 5. HP: 43/46 MP: 5/5
  3844 | D:4      | Noticed an orc warrior
  4215 | D:5      | Entered Level 5 of the Dungeon
  4220 | D:5      | Found a transporter.
  4225 | D:5      | Noticed taxman66's ghost (novice FoAK)
  4268 | D:5      | Noticed a black bear
  4396 | D:4      | You fall into a shaft and drop 3 floors!
  4434 | D:6      | Reached XP level 6. HP: 21/52 MP: 6/6
  4886 | D:6      | Noticed a vampire mosquito
  4915 | D:6      | Reached skill level 5 in Maces & Flails
  5913 | D:4      | Reached skill level 6 in Maces & Flails
  5913 | D:4      | Your scales start taking on a pale cyan-grey colour.
  5913 | D:4      | Reached XP level 7. HP: 59/59 MP: 7/7
  5913 | D:4      | Gained mutation: You are immune to the effects of steam.
                  | [Pale Draconian growth]
  7429 | D:5      | Reached skill level 7 in Maces & Flails
  7795 | D:5      | Noticed a shadow
  7804 | D:5      | Killed a shadow
  7805 | D:5      | Reached XP level 8. HP: 17/67 MP: 8/8
  8355 | D:5      | Reached skill level 5 in Fighting
  8355 | D:5      | Reached skill level 8 in Maces & Flails
  8444 | D:5      | Reached skill level 5 in Dodging
  8778 | D:5      | Found a staircase to the Ecumenical Temple.
  8779 | D:5      | Noticed Blork the orc
  8788 | D:5      | Killed Blork the orc
  8795 | Temple   | Entered the Ecumenical Temple
  8924 | Temple   | Became a worshipper of Uskayaw the Reveller
  8989 | D:5      | Reached * piety under Uskayaw
  9005 | D:5      | Reached ** piety under Uskayaw
  9609 | D:6      | Reached XP level 9. HP: 65/74 MP: 5/9
  9647 | D:6      | Reached skill level 9 in Maces & Flails
  9902 | D:6      | Reached *** piety under Uskayaw
 10073 | D:6      | Found a sacrificial altar of Ru.
 10356 | D:6      | Found an ancient bone altar of Kikubaaqudgha.
 10937 | D:7      | Reached skill level 10 in Maces & Flails
 10943 | D:7      | Reached **** piety under Uskayaw
 11259 | D:7      | Reached skill level 1 in Invocations
 11487 | D:7      | Found a burning altar of Makhleb.
 11487 | D:7      | Noticed an Executioner
 11490 | D:7      | Noticed a smoke demon
 11490 | D:7      | Noticed a hellwing
 11760 | D:8      | Noticed Maurice
 12425 | D:8      | Found a broken altar of Ashenzari.
 12717 | D:8      | Found a stormy altar of Qazlal.
 12767 | D:8      | Reached XP level 10. HP: 72/83 MP: 8/11
 13356 | D:9      | Reached skill level 5 in Shields
 13559 | D:9      | Found a shadowy altar of Dithmenos.
 13599 | D:9      | Reached ***** piety under Uskayaw
 13641 | D:9      | Reached skill level 11 in Maces & Flails
 13921 | D:9      | Noticed a deep elf pyromancer
 13922 | D:9      | Noticed a boulder beetle
 14918 | D:9      | Found a staircase to the Lair.
 16212 | D:9      | Noticed a six-headed hydra
 16221 | D:10     | Entered Level 10 of the Dungeon
 16242 | D:10     | Reached skill level 12 in Maces & Flails
 16739 | D:10     | Reached XP level 11. HP: 37/92 MP: 3/14
 17208 | D:10     | Noticed a red ugly thing
 17349 | Lair:1   | Entered Level 1 of the Lair of Beasts
 17371 | Lair:1   | Noticed a five-headed hydra
 17379 | Lair:1   | Killed a five-headed hydra
 17390 | Lair:1   | Noticed a six-headed hydra
 18352 | D:9      | Killed a boulder beetle
 19249 | D:9      | Killed a six-headed hydra
 19250 | D:9      | Reached skill level 5 in Invocations
 19975 | Lair:1   | Reached skill level 5 in Stealth
 20139 | Lair:1   | Identified the +1 robe of Recklessness {Will+ Int+4}
 20140 | Lair:1   | Found a runed translucent gate.
 20140 | Lair:1   | Found a runed translucent gate.
 20140 | Lair:1   | Found a runed translucent gate.
 20141 | Lair:1   | Found a viscous altar of Jiyva.
 20141 | Lair:1   | Noticed Gainor's ghost (novice HuMo)
 20181 | Lair:1   | Reached skill level 13 in Maces & Flails
 20768 | Lair:2   | Noticed an eight-headed hydra
 20870 | Lair:2   | Found a dark tunnel.
 20971 | Volcano  | Entered a volcano
 20985 | Volcano  | Noticed a two-headed ogre
 21028 | Lair:2   | Killed an eight-headed hydra
 21370 | Lair:2   | Noticed Maggie
 21386 | Lair:2   | Killed Maggie
 22518 | Lair:3   | Reached XP level 12. HP: 70/101 MP: 12/16
 22787 | Lair:3   | Found a staircase to the Swamp.
 22814 | Lair:3   | Noticed Nergalle
 22829 | Lair:3   | Killed Nergalle
 23172 | Lair:3   | Noticed a five-headed hydra
 23178 | Lair:3   | Killed a five-headed hydra
 23179 | Lair:3   | Reached skill level 14 in Maces & Flails
 23841 | Lair:3   | Identified the +2 spear of Desertification {flame, *Corrode
                  | Fly Will+ Str+3}
 24860 | Lair:4   | Noticed a six-headed hydra
 24861 | Lair:4   | Noticed a six-headed hydra
 24895 | Lair:3   | Killed a six-headed hydra
 25100 | Lair:4   | Killed a six-headed hydra
 25343 | Lair:4   | Found a hole to the Spider Nest.
 25349 | Lair:4   | Noticed a six-headed hydra
 25354 | Lair:4   | Noticed a four-headed hydra
 25380 | Lair:4   | Killed a six-headed hydra
 25777 | Lair:4   | Noticed a five-headed hydra
 25803 | Lair:3   | Killed a four-headed hydra
 25820 | Lair:4   | Killed a five-headed hydra
 26530 | Lair:4   | Reached XP level 13. HP: 39/111 MP: 8/19
 27634 | Lair:5   | Noticed Rupert
 27715 | Lair:5   | Killed Rupert
 28236 | Lair:6   | Entered Level 6 of the Lair of Beasts
 28236 | Lair:6   | Found a viscous altar of Jiyva.
 28236 | Lair:6   | Found a staircase to the Slime Pits.
 28251 | Lair:5   | Reached skill level 10 in Fighting
 28803 | Lair:6   | Reached ****** piety under Uskayaw
 28826 | Lair:6   | Reached skill level 10 in Invocations
 29465 | Lair:6   | Found a runed translucent door.
 29467 | Lair:6   | Noticed fragbeetle's ghost (journeyman TrBe)
 29469 | Lair:6   | Identified the +10 spear "Killer Bee's Bane" {vorpal,
                  | Str+5}
 30250 | Lair:6   | Reached XP level 14. HP: 122/122 MP: 22/22
 30423 | Lair:6   | Reached skill level 10 in Dodging
 30863 | Lair:6   | Cast into level 2 of the Abyss (a wizard)
 31020 | Lair:6   | Escaped the Abyss
 31430 | Lair:6   | Found a burning altar of Makhleb.
 32020 | Lair:6   | Found a gateway to Hell.
 32462 | D:5      | Found a transporter.
 32480 | D:5      | Killed taxman66's ghost
 32705 | D:10     | Found a snail-covered altar of Cheibriados.
 32737 | D:10     | Reached skill level 10 in Stealth
 32778 | D:10     | Found a staircase to the Orcish Mines.
 33098 | D:10     | Noticed Josephine
 33110 | D:10     | Killed Josephine
 33265 | D:11     | Identified the +1 robe of Axu Giv Libb {rElec rPois Str+2}
 34545 | D:13     | Noticed Sonja
 34552 | D:13     | Killed Sonja
 35076 | D:13     | Noticed Azrael
 37508 | D:14     | HP: 4/125 [five-headed hydra (9)]
 37610 | D:14     | Noticed an ironbound preserver
 37623 | D:14     | Killed an ironbound preserver
 37958 | D:14     | Reached XP level 15. HP: 125/132 MP: 24/24
 38743 | D:14     | Found a gate to the Vaults.
 38919 | D:14     | Upgraded the game from 0.29-a0-231-g945431f764 to
                  | 0.29-a0-233-g1125b37a9b
 40001 | D:15     | Entered Level 15 of the Dungeon
 40001 | D:15     | Found a blossoming altar of Fedhas.
 40268 | D:15     | Found a staircase to the Depths.
 40356 | D:15     | Paralysed by an orc sorcerer for 2 turns
 43148 | Orc:1    | Entered Level 1 of the Orcish Mines
 43812 | Orc:1    | Found a bloodstained altar of Trog.
 43839 | Orc:1    | Reached skill level 10 in Shields
 45019 | Orc:1    | You fall into a shaft and drop 1 floor!
 45019 | Orc:2    | Entered Level 2 of the Orcish Mines
 45019 | Orc:2    | Found a staircase to the Elven Halls.
 45517 | Orc:2    | Noticed Saint Roka
 46313 | Orc:2    | Noticed an orc warlord
 46541 | Orc:2    | Noticed Urug
 48954 | Orc:2    | Killed Urug
 48976 | Orc:2    | Paralysed by an orc sorcerer for 5 turns
 49216 | Orc:2    | Noticed Nessos
 49454 | Orc:2    | Killed Nessos
 50075 | Orc:2    | Killed an orc warlord
 50693 | Orc:2    | Killed Saint Roka
 50918 | Orc:2    | Found Plog's Antique Armour Emporium.
 50935 | Orc:2    | Found Bittyes's General Store.
 50951 | Orc:2    | Found Welistri's Antique Weapon Emporium.
 50979 | Orc:2    | Found Xexamayd's Book Emporium.
 51002 | Orc:2    | Bought the +2 hood of the Assassin {Detection Stab+
                  | Stlth++} for 2160 gold pieces
 51002 | Orc:2    | Found the +2 hood of the Assassin {Detection Stab+ Stlth++}
 51761 | Swamp:1  | Entered Level 1 of the Swamp
 51769 | Swamp:1  | Reached skill level 1 in Evocations
 52285 | Swamp:1  | HP: 7/204 [spriggan druid/stone arrow (18)]
 52285 | Swamp:1  | Slain by a swamp worm

Illustrated notes

Levels and vault maps discovered:
D:1:      onia_arrival_handbag, layout_basic,
          hellmonk_ecumenical_altar_slurped_away
D:2:      layout_loops_cross, serial_shops, shop, basic_altar
D:3:      layout_loops_ring, yredelemnul_altar_generic,
          nemelex_spade_bored_becter
D:4:      layout_cave_pods, kennysheep_generic_room_13
D:5:      layout_gridville, minmay_temple_entry_nine_rooms,
          gammafunk_ghost_stat_death, uniq_blork_the_orc
D:6:      layout_loops_ring, nicolae_ru_the_path_less_chosen,
          lemuel_doored_altar, grunt_ministairs_7
D:7:      layout_loops_ring, makhleb_altar_promises_db, patterned_corridor
D:8:      layout_loops_ring, ashenzari_conservatory_becter,
          nicolae_qazlal_scattered_showers, glass_columns_c,
          hangedman_decor_slide_cut, uniq_maurice
D:9:      minmay_chambers_of_sixes, layout_basic,
          nicolae_dithmenos_shadow_blocks, erik_lair_island
D:10:     nicolae_cairo_tiling, layout_stronghold, mainiacjoe_overflow_alcove_4,
          st_stairs_8, uniq_josephine
D:11:     layout_cave_pools
D:12:     layout_basic
D:13:     layout_gridville, uniq_azrael, uniq_sonja
D:14:     layout_basic, skrybe_vaults_entry_preservation,
          minmay_misc_feat_columns
D:15:     gammafunk_depths_entry_grave, layout_basic, fedhas_altar_2,
          minmay_misc_feat_cross, minivault_20, grunt_decor_mini_mirrors
Temple:   dshaligram_water_room_temple
Lair:1:   layout_roguey, gammafunk_ghost_ooze, fungi_pond_lemuel, minivault_26,
          serial_bayou_lagoon_b
Lair:2:   minmay_lair_venomous_thicket, layout_regular_city, enter_volcano_3,
          infiniplex_staircase_pool_2, grunt_megastairs_3, uniq_maggie
Lair:3:   layout_regular_city, minmay_swamp_entry_reptiles, uniq_nergalle
Lair:4:   layout_gridlike, spider_nest_entry_rubble,
          chequers_serial_rivers_small_3
Lair:5:   layout_hall_layers, uniq_rupert
Lair:6:   evil_forest, layout_cave_pods, slime_altar_1,
          ebering_ghost_funeral_grove, grunt_forest_small_clearings
Swamp:1:  layout_basic_swamp, gammafunk_ghost_cemetery,
          evilmike_swamp_ruin_rubble_2
Orc:1:    layout_diamond_mine, basic_altar, mines1_david
Orc:2:    grunt_orc_cross, layout_caves, uniq_saint_roka, uniq_nessos

Skill      XL: |  1  2  3  4  5  6  7  8  9 10 11 12 13 14 15 |
---------------+----------------------------------------------+-----
Dodging        | 3 4 5 6 7 9 11 12 | 12.1
Maces & Flails | 3 4 6 7 8 10 12 13 14 | 14.0
Stealth        | 1 2 3 4 5 7 9 10 11 | 11.5
Fighting       | 4 5 6 7 8 9 10 11 13 | 13.5
Shields        | 4 5 6 7 8 9 10 | 10.5
Invocations    | 2 4 6 8 10 12 13 | 13.0
Evocations     | 1 |  1.0

Action                   |  1- 3 |  4- 6 |  7- 9 | 10-12 | 13-15 || total
-------------------------+-------+-------+-------+-------+-------++-------
Melee: Flail             |    73 |   168 |   277 |   654 |  1580 ||  2752
       Tailslap          |     5 |    21 |    29 |    88 |   287 ||   430
Throw: Throwing net      |       |       |       |       |     2 ||     2
Invok: Stomp             |       |       |    11 |    25 |    49 ||    85
       Line Pass         |       |       |       |     3 |     2 ||     5
       Grand Finale      |       |       |       |       |     2 ||     2
 Abil: Breathe Steam     |       |       |    20 |    31 |    60 ||   111
Evoke: Wand              |       |       |       |       |    13 ||    13
  Use: Scroll            |     2 |     9 |     8 |    12 |    20 ||    51
       Potion            |       |     4 |     1 |     2 |    11 ||    18
 Stab: Sleeping          |     2 |     1 |     5 |     5 |    13 ||    26
       Paralysed         |       |       |     3 |    30 |    71 ||   104
       Distracted        |       |       |       |     1 |     4 ||     5
       Invisible         |       |       |       |       |     1 ||     1
       Held in net/web   |       |       |       |       |     1 ||     1
Armor: Skin              |    22 |    66 |   112 |   212 |   407 ||   819
Dodge: Dodged            |    51 |    90 |   187 |   444 |   780 ||  1552
Block: Buckler           |    17 |    47 |    88 |   199 |   263 ||   614
       Kite shield       |       |       |       |       |   437 ||   437

Table legend: (Time is in decaauts)
 A = Elapsed time spent in this place.
 B = Non-inter-level travel time spent in this place.
 C = Inter-level travel time spent in this place.
 D = Time resting spent in this place.
 E = Time spent auto-exploring this place.
 F = Levels seen in this place.
 G = Mean time per level.
                   A        B        C        D        E       F      G
               +--------+--------+--------+--------+--------+-----+--------+
         Total |  51993 |  50833 |   1160 |  22788 |  13059 |  27 | 1925.7 |
       Dungeon |  31835 |  30988 |    847 |  14192 |   7598 |  15 | 2122.3 |
        Temple |    138 |    138 |      0 |      0 |      0 |   1 |  138.0 |
          Lair |  12655 |  12401 |    254 |   5027 |   5004 |   6 | 2109.2 |
         Swamp |    248 |    248 |      0 |    117 |      0 |   1 |  248.0 |
  Orcish Mines |   6930 |   6873 |     57 |   3407 |    457 |   2 | 3465.0 |
         Abyss |    156 |    156 |      0 |     45 |      0 |   1 |  156.0 |
       Volcano |     27 |     27 |      0 |      0 |      0 |   1 |   27.0 |
               +--------+--------+--------+--------+--------+-----+--------+

Top non-repeatable levels by time:
     D:9: 4800 daAuts
   Orc:2: 4481 daAuts
    D:10: 3345 daAuts
  Lair:6: 3117 daAuts
    D:15: 2962 daAuts
    D:14: 2835 daAuts
  Lair:3: 2614 daAuts
     D:5: 2536 daAuts
   Orc:1: 2448 daAuts
     D:6: 2305 daAuts
  Lair:4: 2299 daAuts
     D:4: 2160 daAuts
  Lair:5: 1779 daAuts
     D:8: 1746 daAuts
     D:7: 1629 daAuts
